 Dungeon Crawl Stone Soup version 0.19-a0-1553-g64c24c3 (webtiles) character file.

36787 TheGoonsmith the Destroyer (level 13, -3/68 HPs)
             Began as a Deep Elf Fire Elementalist on Sept 14, 2016.
             Was a High Priest of Vehumet.
             Slain by a griffon (8 damage)
             ... on level 5 of the Lair of Beasts.
             The game lasted 01:07:01 (24597 turns).

TheGoonsmith the Destroyer (DEFE)                  Turns: 24597, Time: 01:07:03

Health: -3/68      AC:  7    Str:  5    XL:     13   Next: 54%
Magic:  16/28      EV: 19    Int: 26    God:    Vehumet [*****.]
Gold:   2031       SH:  5    Dex: 15    Spells: 10 memorised, 4 levels left

rFire  + . .     SeeInvis +     u - staff of conjuration
rCold  + + .     Gourm    .     E - +1 robe {rC+ rF+}
rNeg   . . .     Faith    .     (no shield)
rPois  .         Spirit   .     k - +0 helmet
rElec  .         Dismiss  .     (no cloak)
rCorr  .         Reflect  +     p - +0 pair of gloves
MR     +....     Harm     .     e - +1 pair of boots
Stlth  ++........               g - +5 amulet of reflection
                                i - +3 ring of slaying
                                j - ring of protection from cold

@: no status effects
A: hooves 1, see invisible, low mp 1
a: Renounce Religion


You were on level 5 of the Lair of Beasts.
You worshipped Vehumet.
Vehumet was extremely pleased with you.
You were not hungry.

You visited 3 branches of the dungeon, and saw 18 of its levels.
You also visited: Labyrinth, Bailey and Volcano.

You collected 2031 gold pieces.

Inventory:

Hand Weapons
 s - a +1 dagger of protection
 L - the +9 falchion of Icexeil {vamp, SInv}
   (You took it off a minotaur in a labyrinth)

   It inflicts no extra harm, but heals its wielder somewhat when it strikes a
   living foe.
   It lets you see invisible.
Missiles
 m - 28 tomahawks of returning (quivered)
 R - 4 throwing nets
Armour
 e - a +1 pair of boots (worn)
 k - a +0 helmet (worn)
 p - a +0 pair of gloves (worn)
 E - a +1 robe of resistance (worn)
 S - the +3 ring mail "Turype" {rPois Str+7}
   (You found it on level 10 of the Dungeon)

   It affects your strength (+7).
   It protects you from poison.
Magical Staves
 u - an uncursed staff of conjuration (weapon)
 J - an uncursed staff of energy
 T - an uncursed staff of wizardry
Jewellery
 g - a +5 amulet of reflection (around neck)
 i - a +3 ring of slaying (right hand)
 j - a ring of protection from cold (left hand)
 v - an uncursed ring of protection from fire {unknown}
 y - a +3 ring of strength
Wands
 b - a wand of acid (8/15)
 q - a wand of iceblast (7/15)
 B - a wand of teleportation (3/9)
 I - a wand of iceblast (2/15)
 O - a wand of paralysis (19/24)
 U - a wand of lightning (8/15)
 Z - a wand of iceblast (6/15)
Scrolls
 a - 2 scrolls of summoning
 l - 3 scrolls of fear
 r - 2 scrolls of identify
 t - 2 scrolls of blinking
 C - 3 scrolls of fog
 F - 4 scrolls of enchant weapon
 G - 2 scrolls of teleportation
Potions
 h - 5 potions of brilliance
 n - 4 potions of curing
 o - 2 potions of ambrosia {unknown}
 w - 2 potions of resistance
 x - 2 potions of heal wounds
 z - 3 potions of flight
 M - a potion of cancellation {unknown}
 P - 4 potions of berserk rage {unknown}
 Q - 3 potions of haste
 V - a potion of invisibility
 W - a potion of lignification {unknown}
Miscellaneous
 H - a sack of spiders
 N - a fan of gales
Comestibles
 c - 17 bread rations
 f - 14 fruits


   Skills:
 - Level 3.0 Fighting
 - Level 3.0 Armour
 - Level 9.6 Dodging
 - Level 2.4 Stealth
 + Level 12.8 Spellcasting
 - Level 14.4 Conjurations
 - Level 2.0 Summonings
 - Level 3.1 Translocations
 - Level 14.1 Fire Magic
 - Level 1.2 Earth Magic


You had 4 spell levels left.
You knew the following spells:

 Your Spells              Type           Power        Failure   Level  Hunger
a - Flame Tongue          Conj/Fire      #####        0%          1    None
b - Stone Arrow           Conj/Erth      ######       1%          3    None
c - Conjure Flame         Conj/Fire      #######.     1%          3    None
d - Summon Butterflies    Summ           ####....     1%          1    None
e - Blink                 Tloc           N/A          1%          2    None
f - Fireball              Conj/Fire      #######...   1%          5    ###....
g - Iron Shot             Conj/Erth      ######....   5%          6    #####..
h - Swiftness             Chrm/Air       ###.....     6%          2    None
s - Sticky Flame          Conj/Fire      #######.     1%          4    None
z - Bolt of Fire          Conj/Fire      #######...   1%          6    #####..


Dungeon Overview and Level Annotations

Branches:
Dungeon (11/15)            Temple (1/1) D:4            Lair (6/6) D:11
  Swamp (0/4) Lair:2        Snake (0/4) Lair:2          Orc (0/2) D:11
  Slime: Lair:5-6

Altars:
Ashenzari
Cheibriados
Elyvilon
Fedhas
Makhleb
Nemelex Xobeh
Okawaru
Ru
Sif Muna
Trog
Uskayaw
Vehumet
Xom
Yredelemnul
Zin
The Shining One
Lugonu

Shops:
D:4 (

Portals:
Trove: D:11 (give 7 potions of haste)

Annotations:
D:4 1 runed door


Innate Abilities, Weirdness & Mutations

You have large cloven feet.
You have supernaturally acute eyesight. (SInv)
Your magical capacity is low. (-10% MP)


Message History

Confirm with . or Enter, or press ? or * to list all spells.
Aiming: Sticky Flame
Press: ? - help, Shift-Dir - straight line, f - catoblepas
Aim: a catoblepas (lightly wounded)
Okay, then.
Unknown command.
Unknown command.
You block the catoblepas's attack.
Casting: Sticky Flame
Confirm with . or Enter, or press ? or * to list all spells.
Aiming: Sticky Flame
Press: ? - help, Shift-Dir - straight line, f - griffon
Aim: a griffon (severely wounded)
You feel a surge of power!
The sticky flame hits the griffon.
The griffon is almost dead.
The griffon is covered in liquid flames!
The griffon burns!
The catoblepas gores you!!
* * * LOW HITPOINT WARNING * * *
The griffon bites you!
You die...

...................≈≈≈≈≈≈.>......
..................≈≈≈≈≈..........
..................≈≈≈≈≈.<........
..........P.......≈≈≈≈≈≈.........
.......#.P....>...≈≈≈≈≈≈≈........
#..#..#####........≈≈≈≈.....P#.#.
####### #...........≈..#....####
###....YH....#.######
##...@.....### ##..........#
#P..........# ##..........#
#..........## #P.........##
#...........# ##...........#
#..........<.#


You could see a catoblepas and a griffon (burning).

Vanquished Creatures
  Josephine (D:11)
  A minotaur (Lab)
  5 hydras
  Harold (Lair:3)
  3 orc knights (Bailey)
  The ghost of PurpleRed the Destroyer, a novice DECj of Vehumet (D:8)
  A griffon (Lair:4)
  2 deep elf magi (Volcano)
  A manticore (D:11)
  An ugly thing (D:11)
  3 black mambas
  The ghost of Ryco the Cleaver, a novice MiFi of Okawaru (Bailey)
  5 spiny frogs
  5 komodo dragons
  A rime drake (Lair:6)
  5 kobold demonologists (D:11)
  The ghost of Haruko the Covert, a novice FeSu (D:9)
  2 trolls (D:10)
  4 polar bears (Lair:2)
  A two-headed ogre (Volcano)
  14 blink frogs
  A wyvern (Lair:6)
  Sigmund (D:5)
  A human (D:9)
  5 wraiths (D:11)
  14 yaks
  7 hippogriffs
  4 fire bats
  A hog (Volcano)
  3 basilisks (Lair:3)
  4 nagas (Lair:2)
  8 porcupines
  11 water moccasins
  Duvessa (D:7)
  5 ice beasts
  6 black bears (Lair:2)
  7 orc warriors
  2 sky beasts (D:10)
  9 ogres
  2 phantoms
  18 wolves
  9 centaurs
  8 crocodiles
  6 big kobolds
  12 giant frogs
  A water moccasin zombie (D:6)
  Dowan (D:7)
  A wyvern skeleton (D:6)
  4 scorpions
  5 wights (D:10)
  9 killer bees
  3 howler monkeys (D:8)
  4 crimson imps
  A quasit (D:10)
  6 hounds
  6 orc priests
  A gnoll shaman (D:6)
  3 centaur skeletons
  2 giant frog skeletons
  7 iguanas
  8 orc wizards
  12 worker ants
  4 hound zombies
  2 hound skeletons
  A worker ant zombie (D:5)
  12 adders
  12 gnolls
  47 river rats
  2 shadow imps
  2 oozes
  2 adder skeletons
  4 worms
  2 dart slugs
  2 giant geckos
  46 orcs
  5 giant cockroaches
  12 goblins
  12 hobgoblins
  13 jackals
  5 quokkas
  2 ball pythons
  23 bats
  5 frilled lizards
  34 kobolds
  A quokka skeleton (D:10)
  12 rats
  A fungus (D:11)
541 creatures vanquished.

Vanquished Creatures (collateral kills)
  2 goblins (Bailey)
  A kobold (Bailey)
3 creatures vanquished.

Vanquished Creatures (others)
  A hog (Volcano)
  An orc warrior (Volcano)
  A demonic plant (D:11)
  19 fungi
  8 plants
30 creatures vanquished.

Grand Total: 574 creatures vanquished

Notes
Turn   | Place    | Note
-------+----------+-------------------------------------------
     0 | D:1      | TheGoonsmith the Deep Elf Fire Elementalist began the quest for the Orb.
     0 | D:1      | Reached XP level 1. HP: 10/10 MP: 6/6
   231 | D:1      | Reached XP level 2. HP: 15/15 MP: 4/8
  1273 | D:2      | Reached XP level 3. HP: 19/19 MP: 6/10
  2069 | D:2      | Found a hide-covered altar of Uskayaw.
  2252 | D:2      | Reached XP level 4. HP: 24/24 MP: 1/11
  2485 | D:2      | Learned a level 4 spell: Sticky Flame
  2489 | D:2      | Learned a level 3 spell: Conjure Flame
  2727 | D:3      | Reached XP level 5. HP: 27/28 MP: 7/13
  2850 | D:3      | Found a glowing golden altar of the Shining One.
  3818 | D:4      | Reached XP level 6. HP: 32/32 MP: 11/15
  3845 | D:4      | Found a staircase to the Ecumenical Temple.
  3855 | Temple   | Entered the Ecumenical Temple
  3889 | Temple   | Became a worshipper of Vehumet
  3907 | D:4      | Found a runed door.
  3908 | D:4      | Found a white marble altar of Elyvilon.
  3908 | D:4      | Noticed an angel
  3945 | D:4      | Found Ocyfuargh's Antique Weapon Emporium.
  3959 | D:4      | Reached skill level 5 in Spellcasting
  4145 | D:4      | Reached skill level 5 in Conjurations
  4145 | D:4      | Reached skill level 5 in Fire Magic
  4636 | D:5      | Entered Level 5 of the Dungeon
  4740 | D:5      | Learned a level 2 spell: Blink
  4746 | D:5      | Learned a level 5 spell: Fireball
  4901 | D:5      | Reached XP level 7. HP: 36/36 MP: 12/17
  5007 | D:5      | Reached * piety under Vehumet
  5007 | D:5      | Offered knowledge of Sting by Vehumet.
  5159 | D:5      | Noticed Sigmund
  5643 | D:6      | Gained mutation: You have large cloven feet. [potion of mutation]
  5643 | D:6      | Gained mutation: Your magical capacity is low. (-10% MP) [potion of mutation]
  5643 | D:6      | Gained mutation: You have supernaturally acute eyesight. (SInv) [potion of mutation]
  5643 | D:6      | HP: 1/36 [crimson imp (3)]
  6029 | D:6      | Reached XP level 8. HP: 25/41 MP: 13/17
  6298 | D:6      | Found a basalt altar of Yredelemnul.
  7404 | D:5      | Killed Sigmund
  7832 | D:7      | Reached ** piety under Vehumet
  7883 | D:7      | Offered knowledge of Shock by Vehumet.
  7887 | D:7      | Reached XP level 9. HP: 45/45 MP: 4/20
  7996 | D:7      | Found a blossoming altar of Fedhas.
  8044 | D:7      | You fall through a shaft!
  8291 | D:7      | Noticed Duvessa
  8292 | D:7      | Noticed Dowan
  8606 | D:8      | Noticed PurpleRed's ghost (novice DECj)
  8758 | D:8      | Killed PurpleRed's ghost
  9371 | D:9      | Offered knowledge of Ignite Poison by Vehumet.
  9384 | D:9      | Reached skill level 10 in Conjurations
  9389 | D:9      | Found a sacrificial altar of Ru.
  9435 | D:9      | Noticed Haruko's ghost (novice FeSu)
  9442 | D:9      | Reached *** piety under Vehumet
  9455 | D:9      | Killed Haruko's ghost
  9455 | D:9      | Reached skill level 10 in Fire Magic
  9460 | D:9      | Reached skill level 1 in Translocations
  9550 | D:9      | Reached XP level 10. HP: 38/50 MP: 10/22
  9556 | D:9      | Found a flagged portal.
  9617 | Bailey   | Entered a bailey
  9617 | Bailey   | Noticed Ryco's ghost (novice MiFi)
  9621 | Bailey   | Killed Ryco's ghost
  9621 | Bailey   | Offered knowledge of Stone Arrow by Vehumet.
  9626 | Bailey   | Learned a level 3 spell: Stone Arrow
  9704 | Bailey   | Noticed an orc knight
  9706 | Bailey   | Noticed an orc knight
  9706 | Bailey   | Reached skill level 1 in Earth Magic
  9712 | Bailey   | Killed an orc knight
  9713 | Bailey   | Noticed an orc knight
  9743 | Bailey   | Killed an orc knight
  9774 | Bailey   | Reached **** piety under Vehumet
 10072 | Bailey   | Killed an orc knight
 10072 | Bailey   | Offered knowledge of Bolt of Magma by Vehumet.
 10961 | D:9      | Found an iron altar of Okawaru.
 11075 | D:10     | Entered Level 10 of the Dungeon
 11126 | D:10     | Reached skill level 1 in Fighting
 11529 | D:10     | Found a sparkling altar of Nemelex Xobeh.
 11718 | D:9      | Reached XP level 11. HP: 59/59 MP: 16/23
 11792 | D:10     | Reached ***** piety under Vehumet
 11792 | D:10     | Offered knowledge of Conjure Ball Lightning by Vehumet.
 11858 | D:10     | Learned a level 1 spell: Summon Butterflies
 11902 | D:10     | Reached skill level 1 in Summonings
 11982 | D:10     | Got a faintly humming ring mail
 11983 | D:10     | Identified the +3 ring mail "Turype" {rPois Str+7} (You found it on level 10 of the Dungeon)
 12814 | D:11     | Found a staircase to the Orcish Mines.
 12833 | D:11     | Reached skill level 10 in Spellcasting
 13240 | D:11     | Found a staircase to the Lair.
 13381 | D:11     | Found a corrupted altar of Lugonu.
 13708 | D:11     | Found a portal to a secret trove of treasure.
 13894 | D:11     | Noticed a soul eater
 14121 | D:11     | Noticed a red ugly thing
 14145 | D:11     | Killed a red ugly thing
 14145 | D:11     | Reached skill level 1 in Armour
 14236 | D:11     | Noticed Josephine
 14248 | D:11     | Offered knowledge of Fulminant Prism by Vehumet.
 14586 | Lair:1   | Entered Level 1 of the Lair of Beasts
 14778 | Lair:1   | Found a labyrinth entrance.
 14795 | Lab      | Entered a labyrinth
 14964 | Lab      | Noticed a minotaur
 14972 | Lab      | Killed a minotaur
 15063 | Lab      | Got an ichor-stained falchion {vamp}
 15069 | Lab      | Identified the Volume of the Mountains and Self-Knowledge
 15153 | Lair:1   | Learned a level 6 spell: Iron Shot
 15705 | Lair:1   | Noticed a seven-headed hydra
 15719 | Lair:1   | Killed a seven-headed hydra
 16346 | Lair:2   | Found a staircase to the Snake Pit.
 16433 | Lair:2   | Reached XP level 12. HP: 64/64 MP: 10/27
 16969 | Lair:2   | Found a staircase to the Swamp.
 17204 | Lair:2   | Learned a level 2 spell: Swiftness
 17629 | Lair:3   | Noticed Harold
 18265 | Lair:3   | Noticed a six-headed hydra
 18285 | Lair:3   | Killed a six-headed hydra
 18376 | Lair:3   | Noticed a five-headed hydra
 18381 | Lair:3   | Killed a five-headed hydra
 18465 | Lair:3   | Noticed a five-headed hydra
 18477 | Lair:3   | Killed a five-headed hydra
 19097 | Lair:3   | Killed Harold
 19444 | D:11     | Killed Josephine
 20186 | D:7      | Killed Dowan
 20205 | D:7      | Killed Duvessa
 20205 | D:7      | Offered knowledge of Bolt of Fire by Vehumet.
 20213 | D:7      | Learned a level 6 spell: Bolt of Fire
 20731 | Lair:4   | Reached XP level 13. HP: 54/68 MP: 22/28
 21386 | Lair:3   | Identified the +9 falchion of Icexeil {vamp, SInv} (You took it off a minotaur in a labyrinth)
 23182 | Lair:5   | Found a dark tunnel.
 23191 | Volcano  | Entered a volcano
 23283 | Volcano  | Offered knowledge of Spellforged Servitor by Vehumet.
 24218 | Lair:6   | Entered Level 6 of the Lair of Beasts
 24597 | Lair:5   | Slain by a griffon

Vault maps used:
D:1:      wheals_arrival_shading
D:2:      eat_drink_and_be_merry_uskayaw, fountainhead
D:3:      lemuel_coloured_pillars_altar
D:4:      first_bread, serial_shops, shop, lemuel_angel_altar
D:5:      uniq_sigmund
D:6:      yredelemnul_altar_generic
D:7:      fedhas_altar_fruit_tree, uniq_duvessa
D:8:      grunt_ogre_cave
D:9:      hangedman_ru_absence, enter_bailey_3, okawaru_humans
D:10:     basic_altar, grunt_ministairs_10
D:11:     kennysheep_kobold_lugonu_temple, grunt_lair_entry_orc_guard_hut,
          enter_trove_6, uniq_josephine
Temple:   eino_temple_rhombus
Lair:1:   lab_entry_generic
Lair:2:   beast_lair_carwin_large_1, swamp_mist_pool,
          minmay_snake_entry_guardpost_medium
Lair:3:   st_stairs_3, uniq_harold
Lair:4:   grunt_megastairs_2
Lair:5:   nicolae_volcano_entry_batcave, bh_chokoban, infiniplex_staircase_pool
Lair:6:   hangedman_lair_tendril_chambers, dpeg_slime_entry_enclosed_altar,
          portal_ice_cave_entry_animals_and_master, small_statue_intersection,
          kennysheep_basilisk_garden, infiniplex_staircase_pool_2,
          serial_bayou_shore_a, serial_bayou_shore_b, lemuel_fruit_tree
Lab:      nicolae_lab_dead_adventurers
Bailey:   bailey_axe_1, bailey
Volcano:  volcano_village

Skill      XL: |  1  2  3  4  5  6  7  8  9 10 11 12 13 |
---------------+----------------------------------------+-----
Conjurations   | 2 3 4 5 6 8 10 11 13 14 | 14.4
Fire Magic     | 4 5 6 8 10 13 14 | 14.1
Spellcasting   | 4 5 6 7 9 12 | 12.8
Translocations | 1 3 |  3.1
Earth Magic    | 1 |  1.2
Dodging        | 9 |  9.6
Fighting       | 2 3 |  3.0
Summonings     | 2 |  2.0
Armour         | 3 |  3.0
Stealth        | |  2.4

Action                   |  1- 3 |  4- 6 |  7- 9 | 10-12 | 13-15 || total
-------------------------+-------+-------+-------+-------+-------++-------
Melee: Club              |       |     1 |       |       |       ||     1
       Rapier            |       |     3 |       |       |       ||     3
       Halberd           |       |       |    53 |       |       ||    53
       Dagger            |       |       |   115 |    30 |     9 ||   154
       Kick              |       |       |    23 |     6 |       ||    29
       Morningstar       |       |       |     4 |       |       ||     4
       Whip              |       |       |       |     2 |       ||     2
       Falchion          |       |       |       |       |    28 ||    28
       Staff             |       |       |       |       |     2 ||     2
Throw: Tomahawk          |       |       |       |     3 |       ||     3
 Cast: Flame Tongue      |    78 |   124 |   206 |   610 |   167 ||  1185
       Sticky Flame      |       |     3 |    10 |    70 |    29 ||   112
       Conjure Flame     |       |     1 |    16 |    20 |     2 ||    39
       Fireball          |       |       |     8 |    83 |    23 ||   114
       Stone Arrow       |       |       |       |     5 |     7 ||    12
       Summon Butterflie |       |       |       |     3 |       ||     3
       Bolt of Fire      |       |       |       |       |     4 ||     4
Evoke: Wand              |       |       |       |     5 |       ||     5
  Use: Scroll            |     3 |     4 |     5 |     9 |     4 ||    25
       Potion            |       |       |     5 |     3 |       ||     8
 Stab: Invisible         |       |       |     5 |     1 |       ||     6
       Distracted        |       |       |     1 |       |       ||     1
  Eat: Chunk             |     4 |     8 |    18 |    20 |     8 ||    58
       Royal jelly       |       |       |       |     2 |       ||     2
       Meat ration       |       |       |       |     1 |     1 ||     2
       Bread ration      |       |       |       |     3 |     1 ||     4
       Pizza             |       |       |       |     2 |       ||     2
       Fruit             |       |       |       |       |     3 ||     3
       Beef jerky        |       |       |       |       |     1 ||     1
Armor: Robe              |     6 |     3 |    54 |    29 |    20 ||   112
       Ring mail         |       |       |       |    59 |       ||    59
Dodge: Dodged            |    24 |    16 |   117 |   224 |   105 ||   486
Block: Other             |       |       |    22 |    63 |    34 ||   119
       Reflection        |       |       |     3 |    12 |     1 ||    16
